 Dungeon Crawl Stone Soup version 0.31.0-11-ge490571c62 (webtiles) character file.

Game seed: 15152085064314472165

12056 howech the Cleaver (level 11, 0/95 HPs)
             Began as a Minotaur Berserker on Jan 26, 2024.
             Was an Elder of Trog.
             Succumbed to a cane toad's poison
             ... on level 1 of the Lair of Beasts.
             The game lasted 00:30:51 (10588 turns).

howech the Cleaver (Minotaur Berserker)            Turns: 10588, Time: 00:30:52

Health: 0/95       AC: 27    Str: 22    XL:     11   Next: 57%
Magic:  10/10      EV: 11    Int:  6    God:    Trog [****..]
Gold:   173        SH:  5    Dex: 12    Spells: 10/10 levels left

rFire   . . .        a - +1 hand axe
rCold   + + .        (no shield)
rNeg    + . .        u - +7 chain mail of Isagoj {rC++ Stlth-}
rPois   .            (helmet restricted)
rElec   .            E - +1 cloak {Will+}
rCorr   .            K - +0 pair of gloves
SInv    .            q - +0 pair of boots
Will    ++...        C - amulet of reflection Stlth
                     g - +4 ring of protection
HPRegen 0.35/turn    n - ring of positive energy
MPRegen 0.12/turn

%: reflection
@: lethally poisoned (0 -> -12), on berserk cooldown, slowed, very slow
A: horns 2, retaliatory headbutt, strong-willed 1, teleportitis 1
a: Renounce Religion, Berserk, Trog's Hand, Brothers in Arms


You were on level 1 of the Lair of Beasts.
You worshipped Trog.
Trog was greatly pleased with you.
You visited 3 branches of the dungeon, and saw 12 of its levels.
You also visited: Sewer.

You collected 560 gold pieces.
You spent 387 gold pieces at shops.

Inventory:

Hand Weapons
 a - a +1 hand axe (weapon)
 w - a +2 scimitar of holy wrath
 A - a +0 war axe
Missiles
 j - 12 boomerangs (quivered)
 s - 5 atropa-tipped darts
 L - 4 throwing nets
Armour
 o - a +0 plate armour
 q - a +0 pair of boots (worn)
 u - the +7 chain mail of Isagoj (worn) {rC++ Stlth-}
   (You bought it in a shop on level 8 of the Dungeon)

   rC++:      It greatly protects you from cold.
   Stlth-:    It makes you less stealthy.
 E - a +1 cloak of willpower (worn)
 K - a +0 pair of gloves (worn)
Jewellery
 g - a +4 ring of protection (left hand)
 n - a ring of positive energy (right hand)
 p - an amulet of faith
 C - an amulet of reflection (around neck)
 I - a ring of see invisible
Wands
 k - a wand of flame (33)
 t - a wand of iceblast (3)
 B - a wand of charming (5)
Scrolls
 d - 4 scrolls of enchant weapon
 h - 3 scrolls of fear
 i - 5 scrolls of teleportation
 l - 2 scrolls of poison
 m - 2 scrolls of silence
 r - a scroll of fog
 v - 2 scrolls of immolation
 x - a scroll of vulnerability {unknown}
 y - 2 scrolls of blinking {unknown}
 D - 2 scrolls of enchant armour {unknown}
 F - a scroll of brand weapon {unknown}
 J - a scroll of identify
Potions
 b - a potion of resistance
 c - 3 potions of enlightenment
 e - 2 potions of berserk rage
 f - 2 potions of invisibility
 z - a potion of attraction
 G - a potion of curing
 H - a potion of might


   Skills:
 + Level 8.9 Fighting
 * Level 11.7 Axes
 + Level 6.7 Throwing
 + Level 8.3 Armour
 + Level 7.4 Dodging
 + Level 7.5 Shields
 + Level 5.8 Evocations


You had 10 spell levels left.
You didn't know any spells.
Your spell library was empty.

Dungeon Overview and Level Annotations

Branches:
Dungeon (10/15)            Temple (1/1) D:6            Lair (1/5) D:10
  Sewer (visited)
    Orc: D:9-12

Altars:
Ashenzari
Cheibriados
Dithmenos
Elyvilon
Fedhas
Gozag
Hepliaklqana
Kikubaaqudgha
Makhleb
Nemelex Xobeh
Okawaru
Qazlal
Ru
Sif Muna
Trog
Uskayaw
Vehumet
Wu Jian
Xom
Yredelemnul
Zin
The Shining One

Shops:
D:4 *   D:8 [   D:10 !


Innate Abilities, Weirdness & Mutations

You have a pair of horns on your head.
You reflexively headbutt those who attack you in melee.
You are strong-willed. (Will+)
You are occasionally teleported next to monsters.


Message History

You feel yourself moving faster!
You feel mighty!
* * * LOW HITPOINT WARNING * * *
You feel extremely sick. You block the cane toad's attack.
You completely miss the cane toad.
The cane toad is almost dead.
* * * LOW HITPOINT WARNING * * *
You feel very sick.
You barely miss the cane toad.
The cane toad is almost dead.
* * * LOW HITPOINT WARNING * * *
You feel very sick.
The cane toad stings you but does no damage.
You barely miss the cane toad.
The cane toad is almost dead.
* * * LOW HITPOINT WARNING * * *
You feel very sick. The cane toad closely misses you.
You slash the cane toad!
You kill the cane toad!
Trog accepts your kill.
* * * LOW HITPOINT WARNING * * *
You feel very sick.
* * * LOW HITPOINT WARNING * * *
You feel very sick.
Unknown command.
You are too berserk!
Unknown command.
You feel a strong urge to attack something.
* * * LOW HITPOINT WARNING * * *
You feel very sick.
* * * LOW HITPOINT WARNING * * *
You feel very sick.
You feel your anger nearly subside.
* * * LOW HITPOINT WARNING * * *
You feel sick.
You are no longer berserk.
You are exhausted.
You feel yourself slow down.
You die...

##........#
##.......##
#........###
##........#.#
##...........##
######.†............
#.....†††...........#
.....................
.............@.......
.....................
.....................
.....................
............#.......#
####.##P....#.....##
## ##..........#
#.!.......##


There were no monsters in sight!

Vanquished Creatures
  Harold (Lair:1)
  3 two-headed ogres
  The ghost of booth the Mimic, a novice DrSh of Hepliaklqana (D:8)
  Pikel (D:5)
  2 cane toads
  A kobold demonologist (D:9)
  A wraith (D:10)
  A shadow (D:10)
  13 yaks (D:10)
  A wyvern (D:10)
  2 steam dragons
  Grum (D:9)
  Duvessa (D:5)
  2 water moccasins
  2 ice beasts
  2 orc warriors
  2 black bears (D:10)
  8 wolves
  A crocodile (Sewer)
  3 centaurs
  A lemure (D:5)
  8 bullfrogs
  A brain worm (Sewer)
  A gnoll sergeant (D:9)
  6 scorpions
  A water moccasin zombie (D:6)
  5 wights (D:7)
  Dowan (D:5)
  6 killer bees (D:7)
  6 howler monkeys
  6 electric eels (D:6)
  2 bullfrog zombies (D:6)
  Crazy Yiuf (D:5)
  A centaur zombie (D:6)
  3 bombardier beetles
  A gnoll bouda (D:6)
  4 hounds
  2 jellies (D:5)
  3 orc priests
  2 sleepcaps
  10 orc wizards
  Terence (D:2)
  2 iguanas (D:4)
  2 killer bee zombies (D:6)
  8 gnolls
  13 adders
  3 river rats (Sewer)
  2 shadow imps
  A white imp (D:6)
  3 dart slugs
  A ribbon worm (D:6)
  24 orcs
  15 ball pythons
  4 endoplasms
  4 giant cockroaches
  11 hobgoblins
  6 jackals
  3 quokkas
  3 bats
  6 frilled lizards
  11 goblins
  5 kobolds
  15 rats
263 creatures vanquished.

Notes
Turn   | Place    | Note
-------+----------+-------------------------------------------
     0 | D:1      | howech the Minotaur Berserker began the quest for the Orb.
     0 | D:1      | Reached XP level 1. HP: 19/19 MP: 0/0
   350 | D:1      | Reached XP level 2. HP: 27/27 MP: 1/1
   586 | D:1      | Reached skill level 4 in Axes
   705 | D:1      | Reached ** piety under Trog
   711 | D:1      | Reached XP level 3. HP: 29/33 MP: 2/2
   822 | D:2      | Noticed Terence
   832 | D:2      | Reached skill level 1 in Evocations
   833 | D:2      | Killed Terence
   834 | D:2      | Reached skill level 1 in Throwing
   834 | D:2      | Reached skill level 1 in Shields
   834 | D:2      | Reached XP level 4. HP: 13/40 MP: 3/3
  1265 | D:2      | Noticed a scorpion
  1273 | D:2      | Killed a scorpion
  1274 | D:2      | Reached XP level 5. HP: 46/46 MP: 4/4
  2680 | D:4      | Reached skill level 5 in Axes
  2729 | D:4      | Found a hide-covered altar of Uskayaw.
  2843 | D:4      | Reached XP level 6. HP: 33/53 MP: 5/5
  2918 | D:4      | Found Gackiong's Assorted Antiques.
  3405 | D:5      | Entered Level 5 of the Dungeon
  3564 | D:5      | Found a sparkling altar of Nemelex Xobeh.
  3585 | D:5      | Reached XP level 7. HP: 60/60 MP: 6/6
  3586 | D:5      | Noticed Pikel
  3595 | D:5      | Killed Pikel
  3595 | D:5      | Reached *** piety under Trog
  3596 | D:5      | Reached skill level 5 in Fighting
  3596 | D:5      | Reached skill level 6 in Axes
  3596 | D:5      | Reached XP level 8. HP: 68/68 MP: 7/7
  4064 | D:5      | Reached skill level 7 in Axes
  4550 | D:5      | Noticed Duvessa
  4550 | D:5      | Noticed Dowan
  4558 | D:5      | Killed Duvessa
  4559 | D:5      | Reached skill level 5 in Armour
  4562 | D:5      | Killed Dowan
  4603 | D:5      | Found a runed translucent door.
  4604 | D:5      | Noticed Crazy Yiuf
  4612 | D:5      | Killed Crazy Yiuf
  4721 | D:6      | Found a glowing drain.
  4747 | Sewer    | Entered a sewer
  5549 | Sewer    | Gained mutation: You have a pair of large horns on your
                  | head. [potion of mutation]
  5549 | Sewer    | Gained mutation: Armour fits poorly on your strangely
                  | shaped body. [potion of mutation]
  5549 | Sewer    | Gained mutation: Your spells are a little harder to cast,
                  | but a little more powerful. [potion of mutation]
  5549 | Sewer    | Gained mutation: You have supernaturally acute eyesight.
                  | (SInv) [potion of mutation]
  5550 | Sewer    | Lost mutation: You have supernaturally acute eyesight.
                  | (SInv) [potion of mutation]
  5550 | Sewer    | Lost mutation: You have a pair of large horns on your head.
                  | [potion of mutation]
  5550 | Sewer    | Lost mutation: Your spells are a little harder to cast, but
                  | a little more powerful. [potion of mutation]
  5550 | Sewer    | Gained mutation: You expend magic power (3 MP) to
                  | strengthen your wands. [potion of mutation]
  5671 | D:6      | Reached XP level 9. HP: 75/75 MP: 8/8
  5684 | D:6      | Found a staircase to the Ecumenical Temple.
  5699 | Temple   | Entered the Ecumenical Temple
  5741 | D:6      | Reached skill level 8 in Axes
  5765 | D:6      | Reached skill level 5 in Dodging
  5781 | D:6      | Found a basalt altar of Yredelemnul.
  6286 | D:6      | Reached **** piety under Trog
  6376 | D:6      | Reached skill level 5 in Shields
  6841 | D:7      | Identified the +0 helmet of Incorporation {rElec Dex+4}
  7044 | D:7      | Reached skill level 9 in Axes
  7364 | D:7      | Found a burning altar of Makhleb.
  7423 | D:7      | Reached skill level 5 in Throwing
  7695 | D:7      | Found a glowing golden altar of the Shining One.
  7974 | D:8      | Found Buhiuq's Antique Armour Boutique.
  7979 | D:8      | Bought a fading chain mail for 275 gold pieces
  7979 | D:8      | Identified the +7 chain mail of Isagoj {rC++ Stlth-} (You
                  | bought it in a shop on level 8 of the Dungeon)
  8292 | D:8      | Reached XP level 10. HP: 85/86 MP: 9/9
  8481 | D:8      | Noticed a two-headed ogre
  8487 | D:8      | Killed a two-headed ogre
  8510 | D:8      | Found a runed translucent door.
  8510 | D:8      | Noticed booth's ghost (novice DrSh)
  8588 | D:8      | Killed booth's ghost
  8704 | D:9      | Reached skill level 10 in Axes
  8851 | D:9      | Noticed Grum
  8861 | D:9      | Killed Grum
  9005 | D:9      | Reached skill level 5 in Evocations
  9200 | D:9      | Found a glowing silver altar of Zin.
  9200 | D:9      | Found a hazy altar of Hepliaklqana.
  9200 | D:9      | Found a shadowy altar of Dithmenos.
  9200 | D:9      | Found a sacrificial altar of Ru.
  9208 | D:9      | Found a shimmering blue altar of Sif Muna.
  9213 | D:9      | Found a stormy altar of Qazlal.
  9285 | D:10     | Entered Level 10 of the Dungeon
  9305 | D:10     | Found Rehi's Distillery.
  9312 | D:10     | Bought a potion of mutation for 112 gold pieces
  9325 | D:10     | Lost mutation: You expend magic power (3 MP) to strengthen
                  | your wands. [potion of mutation]
  9325 | D:10     | Lost mutation: Armour fits poorly on your strangely shaped
                  | body. [potion of mutation]
  9325 | D:10     | Gained mutation: You are occasionally teleported next to
                  | monsters. [potion of mutation]
  9325 | D:10     | Gained mutation: You are strong-willed. (Will+) [potion of
                  | mutation]
  9412 | D:10     | Reached XP level 11. HP: 89/94 MP: 10/10
  9522 | D:10     | Found a staircase to the Lair.
  9605 | D:10     | Found an ornate altar of the Wu Jian Council.
  9724 | D:10     | Reached skill level 11 in Axes
  9981 | D:10     | Noticed a two-headed ogre
  9995 | D:10     | Killed a two-headed ogre
 10074 | D:10     | Noticed a two-headed ogre
 10079 | D:10     | Killed a two-headed ogre
 10404 | Lair:1   | Entered Level 1 of the Lair of Beasts
 10404 | Lair:1   | Noticed Harold
 10424 | Lair:1   | Killed Harold
 10585 | Lair:1   | HP: 7/142 [poisoned by a cane toad]
 10587 | Lair:1   | HP: 3/142 [poisoned by a cane toad]
 10588 | Lair:1   | Succumbed to a cane toad's poison

Illustrated notes

Levels and vault maps discovered:
D:1:      saegor_arrival_simple_b, layout_basic
D:2:      wad_lake_hut, layout_basic, minmay_nonomino_d4, uniq_terence
D:3:      layout_loops_ring, nicolae_concentric_dashed_squares_mild
D:4:      layout_gridville, mainiacjoe_overflow_alcove_4, serial_shops,
          nicolae_shop_overgrown_old_shop
D:5:      layout_basic, nemelex_xobeh_ov_fountains_minmay,
          palyth_stone_intersect, uniq_pikel, uniq_crazy_yiuf_cottage,
          uniq_duvessa
D:6:      layout_basic, nicolae_yredelemnul_corpse_copse,
          minmay_temple_entry_wispy, cheibrodos_sewer_entry_bend,
          nicolae_concentric_dashed_squares_wild, serial_bayou_lake_a
D:7:      layout_basic, mainiacjoe_overflow_six_doors_small, tso_oasis_becter
D:8:      layout_basic, serial_shops, shop, hellmonk_ghost_happy_afterlife
D:9:      layout_cave_pools, minmay_overflow_temple_hex, uniq_grum
D:10:     layout_loops_cross, lemuel_round_altar, due_lair_maze_entry_diamond,
          serial_shops, nicolae_shop_tiny_statue_garden
Temple:   jpeg_temple_alley_garden
Lair:1:   layout_hall_layers, uniq_nergalle, uniq_harold

Skill      XL: |  1  2  3  4  5  6  7  8  9 10 11 |
---------------+----------------------------------+-----
Axes           | 4 5 6 7 9 10 11 | 11.7
Evocations     | 1 2 3 4 5 |  5.8
Throwing       | 1 2 3 4 5 6 |  6.7
Shields        | 1 2 3 4 5 6 7 |  7.5
Fighting       | 4 5 6 7 8 |  8.9
Armour         | 3 4 5 6 7 8 |  8.3
Dodging        | 3 4 5 6 7 |  7.4

Action                     |  1- 3 |  4- 6 |  7- 9 | 10-12 || total
---------------------------+-------+-------+-------+-------++-------
  Melee: Hand axe          |    71 |   179 |   366 |   273 ||   889
         Headbutt          |     7 |    20 |    76 |    73 ||   176
         Punch             |       |       |     3 |     3 ||     6
  Throw: Boomerang         |       |       |       |     4 ||     4
         Dart              |       |       |       |     5 ||     5
 Invoke: Berserk           |     1 |     2 |     4 |     8 ||    15
         Trog's Hand       |       |     3 |     7 |     3 ||    13
  Evoke: Wand              |       |       |     6 |     4 ||    10
    Use: Scroll            |       |     5 |       |     5 ||    10
         Potion            |       |       |     9 |     3 ||    12
   Stab: Sleeping          |     1 |       |       |       ||     1
 Armour: Animal skin       |    45 |    20 |       |       ||    65
         Plate armour      |       |   141 |   258 |       ||   399
         Chain mail        |       |       |    11 |   189 ||   200
  Dodge: Dodged            |    58 |    58 |   134 |   103 ||   353
  Block: Other             |       |    13 |    65 |    54 ||   132
         Reflection        |       |     1 |       |     2 ||     3
